 Dungeon Crawl Stone Soup version 0.30-b1-2-g02819fbbbe (webtiles) character file.

Game seed: 4789083505077826829

781 loralnil the Sneak (level 7, -1/43 HPs)
             Began as an Octopode Transmuter on May 7, 2023.
             Was an Initiate of Dithmenos.
             Hit by a boomerang of dispersal thrown by an orc (4 damage)
             ... on level 5 of the Dungeon.
             The game lasted 00:12:46 (4089 turns).

loralnil the Sneak (Octopode Transmuter)            Turns: 4089, Time: 00:12:46

Health: -1/43      AC:  2    Str: 10    XL:     7   Next: 85%
Magic:  17/19      EV: 20    Int: 15    God:    Dithmenos [......]
Gold:   164        SH:  0    Dex: 19    Spells: 5/11 levels left

rFire   . .          .
                       - Unarmed
rCold   . . .        (shield currently unavailable)
rNeg    . . .        (helmet currently unavailable)
rPois   x            (no amulet)
rElec   .            k - ring of magical power
rCorr   .            (no ring)
SInv    .            (no ring)
Will    .....        (no ring)
Stlth   +++          (no ring)
HPRegen 0.27/turn    (no ring)
MPRegen 0.16/turn    (no ring)
                     (no ring)

%: no passive effects
@: spider-form, hasted, very quick
A: venomous fangs, almost no armour, (amphibious), 8 rings, tiny, (camouflage
1), (gelatinous body 1), (nimble swimmer 1), (tentacles)
a: End Transformation, Renounce Religion


You were on level 5 of the Dungeon.
You worshipped Dithmenos.
Dithmenos was noncommittal.
You were a venomous arachnid creature.
You visited 2 branches of the dungeon, and saw 6 of its levels.

You collected 164 gold pieces.

Inventory:

Jewellery
 k - a ring of magical power (left front pincers)
Wands
 h - a wand of digging (5)
 m - a wand of charming (9)
Scrolls
 b - 2 scrolls of blinking
 d - a scroll of poison {unknown}
 e - a scroll of immolation {unknown}
 g - 4 scrolls of amnesia
 l - a scroll of teleportation {unknown}
 o - a scroll of enchant weapon {unknown}
Potions
 c - 3 potions of cancellation
 f - a potion of might
 i - 2 potions of mutation
 j - 2 potions of magic
 n - a potion of brilliance


   Skills:
 - Level 1.0 Fighting
 - Level 3.0 Dodging
 + Level 5.8 Stealth
 + Level 5.3 Unarmed Combat
 - Level 2.5 Spellcasting
 + Level 4.5 Transmutations
 - Level 3.0 Poison Magic


You had 5 spell levels left.
You knew the following spells:

 Your Spells              Type           Power      Damage    Failure   Level
a - Beastly Appendage     Tmut           30%        N/A       11%         1
b - Wereblood             Tmut           15%        N/A       14%         2
c - Spider Form           Tmut/Pois      13%        N/A       32%         3

Your spell library contained the following spells:

 Spells                   Type           Power      Damage    Failure   Level
 Ice Form                 Ice/Tmut       8%         N/A       82%         4


Dungeon Overview and Level Annotations

Branches:
Dungeon (5/15)             Temple (1/1) D:4

Altars:
Ashenzari
Cheibriados
Dithmenos
Elyvilon
Fedhas
Gozag
Hepliaklqana
Kikubaaqudgha
Qazlal
Ru
Sif Muna
Trog
Zin
The Shining One

Shops:
D:5 [

Annotations:
D:5 Grinder


Innate Abilities, Weirdness & Mutations

You are a venomous arachnid creature.
You have venomous fangs.
You are tiny and dextrous.
Your spellcasting is less reliable in this form.
Your armour is entirely melded.
You are incapable of wielding weapons or throwing items.
You cannot wear most types of armour.
((You are amphibious.))
You can wear up to eight rings at the same time.
((Your skin changes colour to match your surroundings (Stealth+).))
((Your rubbery body absorbs attacks. (AC +1, EV +1)))
((You are camouflaged when in or above water. (Stealth+)))
((You have tentacles for arms and can constrict up to eight enemies at once.))


Message History

The orc shouts! x2
The orc throws a stone.
The stone hits you.
The orc moves out of view.
The white imp shouts!
The white imp gestures at you. The puff of frost hits you!
Casting: Beastly Appendage (safe; 3% risk of failure)
Confirm with . or Enter, or press ? or * to list all spells.
You turn into a venomous arachnid creature.
The white imp gestures at you. The puff of frost hits you!
The orc throws a boomerang of dispersal.
The boomerang of dispersal closely misses you.
You barely miss the white imp. The white imp gestures at you.
The puff of frost hits you! The orc misses you.
You hit the white imp.
The white imp is poisoned.
The white imp is moderately wounded.
The white imp hits you. The white imp freezes you.
* * * LOW HITPOINT WARNING * * *
The orc barely misses you. The orc hits you but does no damage.
You barely miss the white imp.
The white imp is heavily wounded.
The white imp hits you.
* * * LOW HITPOINT WARNING * * *
The white imp freezes you.
* * * LOW HITPOINT WARNING * * *
The orc misses you. x2
You feel yourself speed up. The white imp closely misses you.
The orc hits you but does no damage. The orc closely misses you.
The orc hits you with a +0 hand axe.
* * * LOW HITPOINT WARNING * * *
The orc barely misses you.
The orc throws a boomerang of dispersal.
The boomerang of dispersal closely misses you.
The white imp gestures at you. The puff of frost misses you.
Found a stone staircase leading down.
The orc throws a boomerang of dispersal.
The boomerang of dispersal hits you.
You die...

#.# #..... #.#
#..### ...... ...#
# ...... ..## #
.#..###### #
.....># >.. #.....#
#....######.###.###
####
#......s..........
...
#....#####o.....#
####. ...
#.o##..####..†. .
#..o.....).....
##5##..####.##.
#..........##.
####..####.##. #..#
#<##. ...# #....


You could see an orc.

Vanquished Creatures
  2 ogres (D:4)
  2 phantoms (D:4)
  2 scorpions (D:4)
  A hound (D:5)
  An orc priest (D:3)
  A centaur skeleton (D:4)
  2 iguanas (D:4)
  Ijyb (D:3)
  An orc wizard (D:5)
  A hound skeleton (D:4)
  A hound zombie (D:4)
  Robin (D:3)
  2 adders
  2 adder zombies (D:4)
  2 dart slugs
  9 orcs
  3 endoplasms
  4 giant cockroaches
  13 goblins
  10 hobgoblins
  3 jackals (D:1)
  6 ball pythons
  4 bats
  4 frilled lizards
  8 kobolds
  9 rats
95 creatures vanquished.

Vanquished Creatures (others)
  A scorpion (D:4)
  A jelly (D:4)
  A giant cockroach (D:4)
  A plant (D:4)
4 creatures vanquished.

Grand Total: 99 creatures vanquished

Notes
Turn   | Place    | Note
-------+----------+-------------------------------------------
     0 | D:1      | loralnil the Octopode Transmuter began the quest for the
                  | Orb.
     0 | D:1      | Reached XP level 1. HP: 13/13 MP: 3/3
    74 | D:1      | Reached XP level 2. HP: 18/18 MP: 3/5
   452 | D:1      | Learned a level 2 spell: Wereblood
   682 | D:2      | Reached XP level 3. HP: 12/23 MP: 6/6
   686 | D:2      | Learned a level 3 spell: Spider Form
   824 | D:2      | Reached skill level 1 in Stealth
  1625 | D:3      | Reached XP level 4. HP: 28/28 MP: 5/7
  1898 | D:3      | Noticed Robin
  1901 | D:3      | Reached skill level 1 in Poison Magic
  1942 | D:3      | Killed Robin
  2169 | D:3      | Reached XP level 5. HP: 33/33 MP: 8/8
  2259 | D:3      | Noticed Ijyb
  2282 | D:3      | Killed Ijyb
  2646 | D:4      | Found an ancient bone altar of Kikubaaqudgha.
  2844 | D:4      | Reached XP level 6. HP: 9/38 MP: 9/9
  2849 | D:4      | HP: 2/57 [poisoned by a scorpion]
  3112 | D:4      | Reached XP level 7. HP: 43/43 MP: 10/10
  3294 | D:4      | Reached skill level 5 in Stealth
  3311 | D:4      | Reached skill level 5 in Unarmed Combat
  3462 | D:4      | Found a hazy altar of Hepliaklqana.
  3679 | D:4      | Found a staircase to the Ecumenical Temple.
  3688 | Temple   | Entered the Ecumenical Temple
  3787 | Temple   | Became a worshipper of Dithmenos the Shadowed
  3955 | D:5      | Entered Level 5 of the Dungeon
  3955 | D:5      | Found Qimeicep's Antique Armour Shoppe.
  4050 | D:5      | Noticed Grinder
  4080 | D:5      | HP: 1/43 [orc/+0 hand axe (5)]
  4089 | D:5      | Hit by a boomerang of dispersal thrown by an orc

Illustrated notes

Levels and vault maps discovered:
D:1:      dpeg_arrival_long_road, layout_rooms, minmay_misc_feat_doors,
          supply_closet_lemuel, solitary_fountain
D:2:      layout_basic
D:3:      layout_basic, uniq_robin, uniq_ijyb
D:4:      layout_loops_ring, mainiacjoe_overflow_cross_hatched,
          mainiacjoe_overflow_alcove_2, lemuel_temple_firewalk_b, serial_undead,
          serial_undead_c, serial_undead_a, serial_undead_d, serial_undead_a,
          serial_undead_c
D:5:      layout_loops_ring, grunt_temple_overflow_champion_of_chaos,
          serial_shops, shop, uniq_pikel, uniq_grinder
Temple:   nicolae_temple_godzebo

Skill      XL: |  1  2  3  4  5  6  7 |
---------------+----------------------+-----
Stealth        | 1 2 3 4 5 |  5.8
Poison Magic   | 1 2 3 |  3.0
Unarmed Combat | 4 5 |  5.3
Dodging        | 3 |  3.0
Transmutations | 3 4 |  4.5
Fighting       | |  1.0
Spellcasting   | |  2.5

Action                     |  1- 3 |  4- 6 |  7- 9 || total
---------------------------+-------+-------+-------++-------
  Melee: Unarmed           |    71 |   125 |    60 ||   256
         Constrict         |    21 |    23 |     4 ||    48
         Kick              |    18 |    26 |    13 ||    57
         Tentacles         |    15 |    17 |     9 ||    41
         Punch             |     1 |     4 |     3 ||     8
   Cast: Beastly Appendage |    21 |    19 |     5 ||    45
         Spider Form       |       |     6 |     3 ||     9
    Use: Scroll            |     3 |     4 |     1 ||     8
         Potion            |       |     2 |     1 ||     3
   Stab: Sleeping          |     7 |     6 |     3 ||    16
 Armour: Skin              |    10 |    10 |     4 ||    24
  Dodge: Dodged            |    29 |    52 |    51 ||   132
